 Dungeon Crawl Stone Soup version 0.29.1-2-gbd0b4ee654 (webtiles) character file.

Game seed: 10634998040886986582

19561 qeuew the Thaumaturge (level 12, -4/65 HPs)
             Began as a Vine Stalker Fighter on Nov 8, 2022.
             Was an Initiate of Gozag.
             Slain by a seven-headed hydra (10 damage)
             ... on level 2 of the Lair of Beasts.
             The game lasted 00:22:11 (11088 turns).

qeuew the Thaumaturge (Vine Stalker Fighter)       Turns: 11088, Time: 00:22:11

Health: -4/65      AC: 10    Str: 20    XL:     12   Next: 70%
Magic:  0/25       EV: 14    Int: 13    God:    Gozag
Gold:   1287       SH:  7    Dex: 21    Spells: 27/27 levels left

rFire   . . .      SeeInvis .   a - +1 war axe (venom)
rCold   + . .      Faith    .   c - +0 buckler
rNeg    + . .      Spirit   +   b - +0 scale mail
rPois   +          Reflect  .   (no helmet)
rElec   +          Harm     .   (no cloak)
rCorr   +          Rampage  .   (no gloves)
Will    +....                   n - +1 pair of boots
Stlth   ..........              (no amulet)
HPRegen 1.00/turn               h - ring of positive energy
MPRegen 0.19/turn               A - ring of Tiofuts {Contam rElec rPois rCorr Int+6}

@: no status effects
A: fangs 3, regeneration 1, magic shield, antimagic bite, no potion heal 2,
agile 1, cold resistance 1
a: Renounce Religion, Potion Petition, Call Merchant, Bribe Branch


You were on level 2 of the Lair of Beasts.
You worshipped Gozag.
Gozag was most pleased with you.
You visited 3 branches of the dungeon, and saw 14 of its levels.
You also visited: Ossuary.

You collected 2630 gold pieces.
You spent 704 gold pieces at shops.
You paid 639 gold pieces to Gozag.

Inventory:

Hand Weapons
 a - a +1 war axe of venom (weapon)
Armour
 b - a +0 scale mail (worn)
 c - a +0 buckler (worn)
 n - a +1 pair of boots (worn)
Jewellery
 h - a ring of positive energy (left hand)
 y - a ring of fire
 A - the ring of Tiofuts (right hand) {Contam rElec rPois rCorr Int+6}
   (You bought it in a shop on level 1 of the Dungeon)

   [ring of intelligence]

   Int:       It affects your intelligence (+6).
   rElec:     It insulates you from electricity.
   rPois:     It protects you from poison.
   Contam:    It causes magical contamination when unequipped.
   rCorr:     It protects you from acid and corrosion.
 F - an amulet of magic regeneration
Wands
 r - a wand of charming (9)
 D - a wand of polymorph (4)
 E - a wand of light (4)
 G - a wand of digging (3)
 H - a wand of mindburst (7)
Scrolls
 g - 4 scrolls of enchant weapon
 k - 2 scrolls of amnesia
 m - 7 scrolls of teleportation
 q - a scroll of enchant armour
 s - 5 scrolls of identify
 t - 2 scrolls of magic mapping
 w - 2 scrolls of blinking
Potions
 d - 2 potions of might
 e - 3 potions of brilliance
 f - 6 potions of curing
 j - a potion of berserk rage
 l - a potion of resistance
 p - a potion of attraction
 v - a potion of cancellation
 x - a potion of haste
 z - a potion of mutation
 B - 2 potions of flight
 C - 3 potions of invisibility


   Skills:
 + Level 8.3 Fighting
 - Level 0.6 Long Blades
 + Level 7.9 Axes
 + Level 7.7 Armour
 + Level 7.0 Dodging
 + Level 8.4 Shields
 + Level 8.4 Spellcasting


You had 27 spell levels left.
You didn't know any spells.
Your spell library contained the following spells:

 Spells                   Type           Power      Damage    Failure   Level
 Shock                    Conj/Air       20%        1d4       38%         1
 Slow                     Hex            20%        N/A       38%         1
 Blink                    Tloc           10%        N/A       52%         2
 Confusing Touch          Hex            5%         N/A       77%         3
 Gell's Gravitas          Tloc           5%         N/A       77%         3
 Lesser Beckoning         Tloc           5%         N/A       77%         3
 Swiftness                Air            5%         N/A       77%         3
 Teleport Other           Tloc           5%         N/A       77%         3
 Vampiric Draining        Necr           5%         2d6       77%         3
 Airstrike                Air            2%         2d(1-17)  99%         4
 Summon Ice Beast         Ice/Summ       5%         N/A       99%         4
 Manifold Assault         Tloc           5%         N/A       100%        5
 Summon Mana Viper        Hex/Summ       5%         N/A       100%        5
 Monstrous Menagerie      Summ           2%         N/A       100%        7
 Storm Form               Tmut/Air       2%         N/A       100%        7


Dungeon Overview and Level Annotations

Branches:
Dungeon (11/15)            Temple (1/1) D:5            Lair (2/5) D:8
Ossuary (visited)
  Swamp: Lair:2-3    Shoals: Lair:2-3     Snake: Lair:2-3    Spider: Lair:2-3
    Orc: D:9-12

Altars:
Ashenzari
Cheibriados
Dithmenos
Elyvilon
Fedhas
Gozag
Hepliaklqana
Kikubaaqudgha
Makhleb
Nemelex Xobeh
Okawaru
Qazlal
Ru
Sif Muna
Trog
Uskayaw
Vehumet
Wu Jian
Xom
Yredelemnul
Zin
The Shining One

Shops:
D:1 =   Lair:2 [

Annotations:
D:7 2 transporters, 1 runed translucent door, Crazy Yiuf; KittyFluff's ghost, novice GrBe


Innate Abilities, Weirdness & Mutations

You have razor-sharp teeth.
Your natural rate of healing is unusually fast.
When hurt, damage is shared between your health and your magic reserves.
Your bite disrupts and absorbs the magic of your enemies.
Potions cannot restore your health.
You are agile. (Dex +4, Str/Int -1)
Your flesh is cold resistant. (rC+)


Message History

The four-headed hydra bites you!
You slice one of the four-headed hydra's heads off!
The three-headed hydra grows two more!
You slash the five-headed hydra!
The five-headed hydra looks as sick as possible!
You bite the five-headed hydra. You drain its power.
You feel invigorated.
The five-headed hydra is severely wounded.
You block the five-headed hydra's attack.
The five-headed hydra bites you.
The five-headed hydra closely misses you.
The five-headed hydra bites you but does no damage.
The five-headed hydra bites you!
You lop one of the five-headed hydra's heads off!
The four-headed hydra grows two more!
You slice the six-headed hydra!! Your bite misses the six-headed hydra.
The six-headed hydra is severely wounded.
The six-headed hydra barely misses you. The six-headed hydra bites you. x2
The six-headed hydra bites you! x3
Unknown command.
You are too injured to fight recklessly!
You are too injured to fight recklessly!
Unknown command.
You slice one of the six-headed hydra's heads off!
The five-headed hydra grows two more!
You slash the seven-headed hydra!
The seven-headed hydra is severely wounded.
You block the seven-headed hydra's attack.
The seven-headed hydra bites you. x2
* * * LOW HITPOINT WARNING * * *
The seven-headed hydra closely misses you.
The seven-headed hydra bites you!
* * * LOW HITPOINT WARNING * * *
The seven-headed hydra misses you. The seven-headed hydra bites you.
* * * LOW HITPOINT WARNING * * *
The seven-headed hydra misses you.
The seven-headed hydra barely misses you.
The seven-headed hydra closely misses you.
You block the seven-headed hydra's attack.
The seven-headed hydra closely misses you.
The seven-headed hydra bites you!
You die...
Your body crumbles into a pile of gold.

............ยง.
....#..####... #..
#...### #.#..Y
#....# .. # #....
#.....
..#######Y##
#....# ###
..........# #....#
#.# ...#.#####.##
#....#####.##...#
###..#
#.........@....##
#.#..#
##..........D...P#
##..P#
#.......##.##.#.##
##.## #......#.###
#...# ##.##
#......### ..#
#...# ##......# .#
##... #.....##P .
.... ##........ ..
...## #.........
.....


You could see a seven-headed hydra (very poisoned).

Vanquished Creatures
  Gastronok (Lair:1)
  A hydra (Lair:2)
  A two-headed ogre (D:11)
  Erica (D:10)
  A necromancer (D:10)
  A cyclops (D:11)
  7 elephants
  2 cane toads
  A rime drake (Lair:2)
  A hornet (D:10)
  2 trolls
  2 blink frogs (Lair:2)
  Prince Ribbit (D:6)
  A water elemental (D:11)
  Sigmund (D:6)
  14 yaks
  2 shadows
  4 wyverns
  4 steam dragons
  2 acid dragons
  6 water moccasins
  2 black bears (D:8)
  3 orc warriors
  3 ice beasts
  A sky beast (D:6)
  2 wolves (Lair:2)
  6 centaurs
  3 phantoms
  A kobold brigand (D:8)
  6 bullfrogs
  A gnoll sergeant (D:8)
  2 scorpions
  A necrophage (D:5)
  5 wights (D:9)
  4 killer bees (D:9)
  6 electric eels
  A howler monkey (D:10)
  A centaur zombie (Ossuary)
  A jelly (D:7)
  2 orc priests (D:6)
  2 human zombies (Ossuary)
  5 hounds
  A gnoll bouda (D:7)
  3 iguanas
  14 orc wizards
  Natasha (thrice) (D:2)
  A yak simulacrum (D:10)
  3 polar bear simulacra (D:10)
  3 mummies (Ossuary)
  14 gnolls
  3 adders
  A shadow imp (D:5)
  2 worms
  A dart slug (D:4)
  55 orcs
  6 ball pythons
  3 endoplasms
  4 giant cockroaches
  A gnoll zombie (Ossuary)
  5 goblins
  A hobgoblin (D:2)
  6 jackals
  A quokka (D:2)
  5 bats
  3 frilled lizards
  A hobgoblin zombie (Ossuary)
  6 kobolds
  A kobold zombie (Ossuary)
  2 orc zombies (Ossuary)
  2 rats
  7 river rat simulacra (D:10)
272 creatures vanquished.

Vanquished Creatures (collateral kills)
  A hydra (Lair:1)
  6 elephants (Lair:2)
7 creatures vanquished.

Vanquished Creatures (others)
  A bush (Lair:2)
  17 fungi (Lair:2)
  40 plants
58 creatures vanquished.

Grand Total: 337 creatures vanquished

Notes
Turn   | Place    | Note
-------+----------+-------------------------------------------
     0 | D:1      | qeuew the Vine Stalker Fighter began the quest for the Orb.
     0 | D:1      | Reached XP level 1. HP: 11/11 MP: 2/2
   429 | D:1      | Found Uteyh's Jewellery Shop.
   740 | D:2      | Found a faded altar of an unknown god.
   746 | D:2      | Reached XP level 2. HP: 16/16 MP: 3/3
   894 | D:2      | Noticed Natasha
   895 | D:2      | Noticed a crimson imp
   904 | D:2      | Reached XP level 3. HP: 14/19 MP: 2/5
   906 | D:2      | Killed Natasha
   907 | D:2      | Reached skill level 1 in Spellcasting
  1100 | D:2      | Gained mutation: Your natural rate of healing is unusually
                  | fast. [Vine Stalker growth]
  1100 | D:2      | Reached XP level 4. HP: 23/24 MP: 6/6
  1105 | D:2      | Reached skill level 1 in Dodging
  1159 | D:2      | Noticed Natasha
  1166 | D:2      | Killed Natasha
  1467 | D:2      | Noticed Natasha
  1471 | D:2      | Killed Natasha
  1472 | D:2      | Reached XP level 5. HP: 28/28 MP: 8/8
  2558 | D:4      | Reached XP level 6. HP: 25/32 MP: 5/10
  2732 | D:5      | Entered Level 5 of the Dungeon
  2732 | D:5      | Found a staircase to the Ecumenical Temple.
  2751 | Temple   | Entered the Ecumenical Temple
  2854 | Temple   | Became a worshipper of Gozag Ym Sagoz the Greedy
  2871 | D:5      | Noticed an ice beast
  2880 | D:5      | Killed an ice beast
  2881 | D:5      | Reached XP level 7. HP: 26/37 MP: 9/11
  3459 | D:6      | Gained mutation: You have razor-sharp teeth. [Vine Stalker
                  | growth]
  3459 | D:6      | Reached XP level 8. HP: 42/42 MP: 13/13
  3804 | D:6      | Found a sand-covered staircase.
  3816 | Ossuary  | Entered an ossuary
  4029 | Ossuary  | Gained mutation: Your spells are a little easier to cast,
                  | but a little less powerful. [potion of mutation]
  4029 | Ossuary  | Gained mutation: You have sharp toenails. [potion of
                  | mutation]
  4029 | Ossuary  | Gained mutation: Your mind is acute. (Int +4, Str/Dex -1)
                  | [potion of mutation]
  4030 | Ossuary  | Lost mutation: You have sharp toenails. [potion of
                  | mutation]
  4030 | Ossuary  | Lost mutation: Your spells are a little easier to cast, but
                  | a little less powerful. [potion of mutation]
  4030 | Ossuary  | Gained mutation: You have large cloven feet. [potion of
                  | mutation]
  4030 | Ossuary  | Gained mutation: You are partially covered in iridescent
                  | scales. (AC +2) [potion of mutation]
  4030 | Ossuary  | Gained mutation: You possess an exceptional clarity of
                  | mind. [potion of mutation]
  4031 | Ossuary  | Lost mutation: Your mind is acute. (Int +4, Str/Dex -1)
                  | [potion of mutation]
  4031 | Ossuary  | Lost mutation: You have large cloven feet. [potion of
                  | mutation]
  4031 | Ossuary  | Lost mutation: You are partially covered in iridescent
                  | scales. (AC +2) [potion of mutation]
  4031 | Ossuary  | Gained mutation: You are agile. (Dex +4, Str/Int -1)
                  | [potion of mutation]
  4031 | Ossuary  | Lost mutation: You possess an exceptional clarity of mind.
                  | [potion of mutation]
  4031 | Ossuary  | Gained mutation: Your flesh is cold resistant. (rC+)
                  | [potion of mutation]
  4120 | D:6      | Noticed Sigmund
  4140 | D:6      | Killed Sigmund
  4225 | D:6      | Reached skill level 5 in Shields
  4225 | D:6      | Reached XP level 9. HP: 46/46 MP: 16/16
  4405 | D:6      | Noticed Prince Ribbit
  4415 | D:6      | Killed Prince Ribbit
  4416 | D:6      | Reached skill level 5 in Fighting
  5033 | D:7      | Found a transporter.
  5033 | D:7      | Identified the ring "Zyinlewu" {*Slow rC++ Will+ rCorr
                  | Dex+2}
  5034 | D:7      | Identified the +0 ring mail of the Lost Brambles {+Blink
                  | rN+ Slay-5 SInv}
  5034 | D:7      | Identified the +4 kite shield of Vlad {Str-4 Int+3 Dex+10}
  5043 | D:7      | Found a transporter.
  5043 | D:7      | Noticed KittyFluff's ghost (novice GrBe)
  5161 | D:7      | Reached skill level 5 in Axes
  5161 | D:7      | Reached skill level 5 in Armour
  5465 | D:7      | Found a runed translucent door.
  5466 | D:7      | Noticed Crazy Yiuf
  6038 | D:1      | Bought the ring of Tiofuts {Contam rElec rPois rCorr Int+6}
                  | for 704 gold pieces
  6130 | D:6      | Reached skill level 5 in Spellcasting
  6337 | D:8      | Noticed a troll
  6346 | D:8      | Killed a troll
  6570 | D:8      | Noticed an elephant
  6579 | D:8      | Reached XP level 10. HP: 43/53 MP: 12/18
  6594 | D:8      | Killed an elephant
  6719 | D:8      | Found a staircase to the Lair.
  7122 | D:9      | Reached skill level 5 in Dodging
  7234 | D:9      | Found a shadowy altar of Dithmenos.
  7235 | D:9      | Found a radiant altar of Vehumet.
  7236 | D:9      | Found a glowing silver altar of Zin.
  7237 | D:9      | Found a shimmering blue altar of Sif Muna.
  7327 | D:9      | Identified the +10 falchion of the Vendetta {protect,
                  | +Blink rN+ rCorr}
  7524 | D:9      | Identified the +4 trident "Suoshen" {vorpal, Contam rElec
                  | rF+ rC+}
  7645 | D:10     | Entered Level 10 of the Dungeon
  7828 | D:10     | Noticed Erica
  7845 | D:10     | Killed Erica
  7846 | D:10     | Reached XP level 11. HP: 25/58 MP: 13/21
  7971 | D:10     | Identified the +4 ring mail "Iruysk" {*Corrode Will++
                  | Dex+3}
  8029 | D:10     | Noticed a necromancer
  8037 | D:10     | Killed a necromancer
  8325 | D:11     | Noticed a cyclops
  8334 | D:11     | Killed a cyclops
  8767 | D:11     | Noticed a two-headed ogre
  8777 | D:11     | Killed a two-headed ogre
  9116 | Lair:1   | Entered Level 1 of the Lair of Beasts
  9385 | Lair:1   | Noticed Gastronok
  9404 | Lair:1   | Killed Gastronok
  9681 | Lair:1   | Noticed a five-headed hydra
  9686 | Lair:1   | Killed a five-headed hydra
 10184 | Lair:2   | Reached XP level 12. HP: 50/64 MP: 18/24
 10434 | Lair:2   | Noticed a catoblepas
 10888 | Lair:2   | Noticed an eight-headed hydra
 10917 | Lair:2   | HP: 3/65 [12-headed hydra (2)]
 10944 | Lair:2   | Killed a 12-headed hydra
 11076 | Lair:2   | Noticed a four-headed hydra
 11088 | Lair:2   | Slain by a seven-headed hydra

Illustrated notes

Levels and vault maps discovered:
D:1:      erik_arrival_orb_chamber, layout_basic, serial_shops, shop_statue
D:2:      layout_loops_ring, basic_ecumenical_altar, kennysheep_path_1,
          minmay_domino_2, uniq_natasha
D:3:      layout_loops_ring
D:4:      layout_rooms
D:5:      layout_rooms, minmay_temple_entry_purple_smoke
D:6:      layout_loops_corners, nicolae_ossuary_entry_monument, uniq_sigmund,
          uniq_prince_ribbit1
D:7:      wander_river, layout_basic, gammafunk_ghost_gnarly_gnolls,
          serial_glass, glass_columns_a, glass_columns_a,
          uniq_crazy_yiuf_cottage
D:8:      layout_rooms, david_lair_generic, serial_corexii_hall,
          chequers_hall_statues_corner_a, corexii_hall_statues_u,
          corexii_hall_statues_s, corexii_hall_statues_x,
          corexii_hall_statues_i, corexii_hall_statues_l
D:9:      layout_irregular_city, mainiacjoe_overflow_alcove_3
D:10:     layout_rooms, eino_house_with_fridge, uniq_erica
D:11:     layout_basic, fungi_pond_lemuel
Temple:   nicolae_temple_two_arcs
Lair:1:   layout_hall_layers, serial_bayou_lake_a, uniq_gastronok
Lair:2:   layout_chaotic_city

Skill      XL: |  1  2  3  4  5  6  7  8  9 10 11 12 |
---------------+-------------------------------------+-----
Axes           | 2 3 4 5 6 7 |  7.9
Fighting       | 3 4 5 6 7 8 |  8.3
Shields        | 3 4 5 6 7 8 |  8.4
Spellcasting   | 1 2 3 4 5 6 7 8 |  8.4
Dodging        | 1 2 3 4 5 6 7 |  7.0
Armour         | 3 4 5 6 7 |  7.7
Long Blades    | |  0.6

Action                   |  1- 3 |  4- 6 |  7- 9 | 10-12 || total
-------------------------+-------+-------+-------+-------++-------
Melee: War axe           |    42 |   107 |   337 |   455 ||   941
       Bite              |     6 |    25 |   102 |   195 ||   328
       Falchion          |       |       |       |     9 ||     9
Invok: Call Merchant     |       |       |       |     1 ||     1
Evoke: Wand              |       |       |       |    37 ||    37
  Use: Scroll            |     4 |     7 |     7 |    13 ||    31
       Potion            |     2 |     1 |     5 |     1 ||     9
 Stab: Distracted        |       |       |     1 |     3 ||     4
       Invisible         |       |       |       |     2 ||     2
Armor: Scale mail        |    23 |    75 |   215 |   232 ||   545
Dodge: Dodged            |    30 |    51 |   201 |   317 ||   599
Block: Buckler           |    12 |    37 |   108 |   194 ||   351
